Map: Disco Bloodbath LE

Players

WatchMeCarry

  • Race: Terran Terran
  • League: Master
  • Spawn Location: 9:00

MarineLorD - Winner!

  • Race: Terran Terran
  • League: Master
  • Spawn Location: 3:00

Event: NationWars 2019

VOD

Have the link to the VOD?

Description

Time

  • Played on: Sept. 30, 2019, 1:17 p.m.
  • Length: 9:11
Show
View Real Time Build Order
Export as new Build Order

WatchMeCarry Terran 

Build Orders:  

Get SALT Encoding   

  12  0:01  SCV  
  13  0:13  SCV  
  14  0:18  Supply Depot  
  14  0:25  SCV  
  15  0:31  Refinery  
  15  0:39  SCV  
  16  0:45  Barracks  
  16  0:51  SCV  
  17  0:57  Refinery  
  17  1:03  SCV  
  18  1:15  SCV  
  19  1:28  SCV  
  19  1:32  Reaper  
  21  1:40  Orbital Command  
  21  1:42  Factory  
  21  1:53  Supply Depot  
  21  2:04  Reaper  
  21  2:08  SCV  
  22  2:20  SCV  
  23  2:26  Hellion  
  25  2:32  SCV  
  25  2:35  Command Center  
  26  2:38  Reaper  
  27  2:44  SCV  
  27  2:49  Supply Depot  
  28  2:51  Hellion  
  28  2:56  SCV  
  31  3:03  Starport  
  31  3:11  SCV  
  32  3:13  Factory Tech Lab  
  32  3:16  Barracks Reactor  
  32  3:23  SCV  
  33  3:32  Cyclone  
  36  3:35  SCV  
  36  3:37  Refinery  
  37  3:41  Starport Tech Lab  
  37  3:47  SCV  
  38  3:50  Refinery  
  38  3:52  Orbital Command  
  38  3:54  Marine x2  
  40  3:59  SCV  
  40  4:01  Raven  
  43  4:11  SCV  
  43  4:14  Siege Tank, Marine  
  43  4:16  Marine  
  49  4:19  SCV  
  49  4:23  SCV  
  50  4:32  SCV  
  50  4:33  Marine  
  50  4:35  SCV  
  52  4:43  Starport  
  52  4:44  SCV  
  53  4:47  SCV  
  54  4:53  Supply Depot  
  54  5:07  Supply Depot  
  54  5:14  Raven, Marine x2  
  54  5:15  SCV x2  
  54  5:17  Supply Depot  
  60  5:24  Starport Reactor  
  60  5:27  SCV x2, Supply Depot  
  62  5:29  Siege Tank  
  62  5:32  Marine x2  
  67  5:37  Supply Depot  
  67  5:39  SCV  
  68  5:44  SCV  
  68  5:47  Supply Depot  
  69  5:51  SCV  
  72  6:01  Siege Tank  
  73  6:04  Viking x2  
  73  6:06  Supply Depot  
  73  6:07  SCV  
  73  6:10  Viking  
  73  6:11  Viking, Marine  
  82  6:13  Stimpack  
  83  6:18  Supply Depot  
  83  6:30  Marine  
  82  6:33  Siege Tank  
  82  6:38  Viking  
  87  6:40  Viking  
  87  6:45  Viking  
  91  6:47  Marine  
  87  7:02  Viking  
  87  7:05  Marine  
  87  7:06  Command Center  
  90  7:10  Viking  
  92  7:22  Siege Tank, Viking  
  94  7:23  Marine  
  95  7:41  Marine  
  95  7:42  Viking  
  98  7:54  Siege Tank  
  98  7:56  Viking  
  97  7:59  Marine  
  97  8:04  SCV  
  93  8:07  Engineering Bay  
  93  8:08  Engineering Bay  
  93  8:11  Barracks  
  93  8:13  Barracks  
  93  8:17  Viking  
  95  8:22  Viking  
Show
View Real Time Build Order
Export as new Build Order

MarineLorD Terran - Winner!

Build Orders:  

Get SALT Encoding   

  12  0:00  SCV  
  13  0:12  SCV  
  14  0:17  Supply Depot  
  14  0:24  SCV  
  15  0:29  Refinery  
  15  0:38  SCV  
  16  0:43  Barracks  
  16  0:50  SCV  
  16  0:54  Refinery  
  17  1:02  SCV  
  18  1:14  SCV  
  19  1:30  Orbital Command, Reaper  
  20  1:34  Factory  
  20  1:46  Supply Depot  
  20  1:55  SCV  
  21  2:02  Reaper  
  21  2:07  SCV  
  23  2:18  Hellion  
  23  2:19  SCV  
  26  2:25  Command Center  
  26  2:31  SCV  
  26  2:35  Reaper  
  28  2:39  Hellion  
  28  2:43  SCV, Supply Depot  
  31  2:56  Starport  
  31  3:02  Factory Tech Lab  
  31  3:04  SCV  
  32  3:07  Barracks Tech Lab  
  32  3:16  SCV  
  33  3:21  Cyclone  
  33  3:24  Refinery  
  36  3:28  SCV  
  37  3:36  Orbital Command  
  37  3:40  Raven, SCV  
  40  3:50  Barracks Reactor  
  40  3:53  SCV  
  41  4:00  Cyclone  
  41  4:02  SCV  
  45  4:04  Supply Depot  
  45  4:05  SCV  
  45  4:09  Supply Depot  
  46  4:14  SCV  
  48  4:17  SCV  
  48  4:25  Raven  
  48  4:26  SCV  
  48  4:29  SCV  
  52  4:33  Marine x2  
  52  4:38  SCV  
  55  4:41  SCV, Siege Tank  
  58  4:50  SCV  
  58  4:51  Marine x2  
  61  4:54  SCV  
  61  4:58  Command Center  
  62  5:02  SCV, Supply Depot  
  62  5:06  SCV  
  64  5:08  Raven  
  64  5:09  Marine x2  
  68  5:14  SCV  
  68  5:16  Supply Depot, Refinery  
  68  5:19  SCV  
  70  5:24  Siege Tank  
  70  5:25  Supply Depot  
  70  5:26  SCV  
  70  5:27  Marine x2  
  76  5:31  SCV  
  77  5:38  SCV  
  77  5:43  SCV  
  80  5:50  SCV  
  80  5:52  Barracks  
  80  5:54  Barracks  
  80  5:55  SCV  
  80  5:56  Siege Tank  
  83  6:01  Engineering Bay  
  83  6:02  Viking x2  
  83  6:03  Engineering Bay, SCV  
  88  6:06  Marine  
  88  6:07  Stimpack  
  88  6:08  SCV  
  90  6:15  Supply Depot  
  90  6:16  SCV  
  91  6:21  SCV  
  91  6:24  Marine  
  93  6:30  Siege Tank  
  93  6:32  Viking x2  
  100  6:33  Orbital Command  
  100  6:34  SCV  
  100  6:36  SCV  
  102  6:41  Barracks Reactor x2  
  102  6:42  Marine  
  103  6:47  SCV  
  103  6:48  SCV  
  103  6:59  SCV  
  103  7:00  SCV  
  105  7:01  Marine  
  105  7:02  Viking x2  
  105  7:03  Terran Infantry Weapons Level 1  
  105  7:06  SCV  
  111  7:10  Refinery  
  111  7:11  Barracks x2, SCV, Refinery  
  111  7:12  SCV, Siege Tank  
  116  7:18  SCV  
  117  7:24  Supply Depot, Marine x5  
  117  7:25  SCV  
  123  7:33  Viking  
  125  7:45  Viking, Marine  
  125  7:47  SCV x2  
  125  7:48  SCV  
  125  8:03  Viking  
  125  8:05  Marine x4  
  128  8:06  Barracks Reactor  
  128  8:08  Barracks Reactor  
  128  8:12  Armory  
  129  8:13  Supply Depot  
  129  8:14  Missile Turret, Supply Depot  
  129  8:15  Supply Depot x2, Viking  
  129  8:16  Sensor Tower  
  129  8:17  Marine  
  132  8:23  Marine  
  133  8:28  Marine x2  
  133  8:29  Siege Tank, Marine  
  125  8:35  Marine  
  126  8:40  Marine  
  126  8:46  Marine x2  
  126  8:47  Marine  
  126  8:53  Marine  
Tags
 
Add a new tag
Caveats
  • Supply blocks, unpowered buildings, or Contaminate may cause inaccurate times.
  • Supply counts are checked every 10 seconds.